 Dungeon Crawl Stone Soup version 0.31-a0-175-g9f7f995f2b (webtiles) character file.

Game seed: 16146749555707490580

386 qw the Chopper (level 6, -5/38 HPs)
             Began as a Gargoyle Fighter on June 16, 2023.
             Slain by Edmund
             ... wielding a +2 heavy flail
              (14 damage)
             ... on level 4 of the Dungeon.
             The game lasted 00:01:13 (2933 turns).

qw the Chopper (Gargoyle Fighter)                   Turns: 2933, Time: 00:01:14

Health: -5/38      AC: 13    Str: 21    XL:     6   Next: 78%
Magic:  6/6        EV:  8    Int:  9    God:
Gold:   169        SH:  4    Dex:  9    Spells: 5/5 levels left

rFire   . . .        n - +1 war axe (vamp)
rCold   . . .        c - +0 buckler
rNeg    + + .        a - +0 chain mail
rPois   inf          (no helmet)
rElec   +            (no cloak)
rCorr   .            (no gloves)
SInv    .            (no boots)
Will    +....        (no amulet) Stlth
                     f - ring of positive energy
HPRegen 0.26/turn    i - ring of willpower
MPRegen 0.10/turn

%: no passive effects
@: no status effects
A: sickness immunity, AC +4, negative energy resistance 1, electricity
resistance, torment resistance 1, petrification resistance
a: no special abilities


You were on level 4 of the Dungeon.
You visited 1 branch of the dungeon, and saw 5 of its levels.

You collected 211 gold pieces.
You spent 42 gold pieces at shops.


Innate Abilities, Weirdness & Mutations

You are immune to sickness and miasma.
Your stone body is resilient. (AC +4)
You are immune to poison.
You resist negative energy. (rN+)
You are resistant to electric shocks. (rElec)
You are resistant to unholy torment.
You are immune to petrification.


   Skills:
 - Level 4.1 Fighting
 + Level 5.8 Axes
 - Level 1.0 Throwing
 - Level 3.2 Armour
 - Level 0.4 Dodging
 - Level 3.2 Shields


You had 5 spell levels left.
You didn't know any spells.
Your spell library was empty.

Inventory:

Hand Weapons
 b - a +0 war axe
 h - a +0 flail
 n - a +1 vampiric war axe (weapon)
Missiles
 j - 3 javelins (quivered)
Armour
 a - a +0 chain mail (worn)
 c - a +0 buckler (worn)
Jewellery
 f - a ring of positive energy (left hand)
 i - a ring of willpower (right hand)
 m - a ring of willpower
Potions
 d - a potion of might
 e - a potion of mutation {unknown}
 g - a potion of attraction {unknown}
 k - a potion of brilliance {unknown}
 l - a potion of heal wounds {unknown}

Dungeon Overview and Level Annotations

Branches:
Dungeon (5/15)
 Temple: D:4-7

Altars:
Fedhas
Trog
Uskayaw
Yredelemnul

Shops:
D:1 *

Annotations:
D:4 Edmund


Message History

You hit Edmund.
You feel better.
Edmund is moderately wounded.
You hit Edmund but do no damage.
Edmund is moderately wounded.
Edmund barely misses you.
You hit Edmund but do no damage.
Edmund is moderately wounded.
You block Edmund's attack.
You barely miss Edmund.
Edmund is moderately wounded.
You block Edmund's attack.
You hit Edmund.
Edmund is moderately wounded.
You block Edmund's attack.
You hit Edmund but do no damage.
Edmund is moderately wounded.
You hit Edmund but do no damage.
Edmund is moderately wounded.
Edmund hits you with a +2 heavy flail.
You hit Edmund but do no damage.
Edmund is moderately wounded.
Edmund hits you with a +2 heavy flail!
You slash Edmund!
You feel better.
Edmund is heavily wounded.
Edmund closely misses you.
You closely miss Edmund.
Edmund is heavily wounded.
Edmund barely misses you.
You hit Edmund but do no damage.
Edmund is heavily wounded.
Edmund barely misses you.
You hit Edmund but do no damage.
Edmund is heavily wounded.
You barely miss Edmund.
Edmund is heavily wounded.
Edmund hits you with a +2 heavy flail!
You hit Edmund.
Edmund is severely wounded.
Edmund hits you with a +2 heavy flail!
You die...

.... #... ...( ...###
#####..) .....##...
....(.#.
.#.....#.####.....
##...###.........#
...............@)+
...............)@##
..................##
......###.......#..#
...)...##........#.#
##......###....###.###
#..............#_..._#
#.....##.......#..#..#
...##.#.##.....##.#.##
.#.##....#.....#.....#


You could see Edmund.

Vanquished Creatures
  An ogre (D:4)
  A scorpion (D:4)
  An orc priest (D:4)
  2 orc wizards
  3 gnolls (D:3)
  5 adders
  An ufetubus (D:4)
  A worm (D:3)
  A dart slug (D:2)
  14 orcs
  5 endoplasms
  3 giant cockroaches
  6 hobgoblins
  3 jackals (D:1)
  8 ball pythons
  5 bats
  3 frilled lizards (D:1)
  8 goblins
  5 kobolds
  8 rats
84 creatures vanquished.

Notes
Turn   | Place    | Note
-------+----------+-------------------------------------------
     0 | D:1      | qw the Gargoyle Fighter began the quest for the Orb.
     0 | D:1      | Reached XP level 1. HP: 14/14 MP: 1/1
     0 | D:1      | 0 ||| qw: Version: 0.2-a-29-g511e9b1
     0 | D:1      | 0 ||| qw: Game counter: 5812
     0 | D:1      | 0 ||| qw: Always use a shield: true
     0 | D:1      | 0 ||| qw: God list: Okawaru
     0 | D:1      | 0 ||| qw: Allow faded altars: false
     0 | D:1      | 0 ||| qw: Do Orc after D:15 true
     0 | D:1      | 0 ||| qw: Do second Lair branch before Depths: true
     0 | D:1      | 0 ||| qw: Lair rune preference: random
     0 | D:1      | 0 ||| qw: Plans: Normal, Zot:1-4, Slime:5, God:TSO, Crypt,
                  | Tomb, Abyss, Pan, Hells, Win
     0 | D:1      | 0 ||| PLANNING D:1-11
    36 | D:1      | Reached skill level 2 in Axes
    88 | D:1      | 88 ||| Stepping ~*~*~tactically~*~*~ (stealth).
    89 | D:1      | 89 ||| Stepping ~*~*~tactically~*~*~ (stealth).
    98 | D:1      | 98 ||| Stepping ~*~*~tactically~*~*~ (stealth).
   107 | D:1      | Reached XP level 2. HP: 17/19 MP: 2/2
   127 | D:1      | 127 ||| Stepping ~*~*~tactically~*~*~ (stealth).
   134 | D:1      | 134 ||| Stepping ~*~*~tactically~*~*~ (hiding).
   135 | D:1      | 135 ||| Stepping ~*~*~tactically~*~*~ (hiding).
   350 | D:1      | Found Xoaduqumu's General Store.
   452 | D:1      | 452 ||| BUYING +0 flail (42 gold).
   452 | D:1      | Bought a +0 flail for 42 gold pieces
   452 | D:1      | 452 ||| SHOPLISTING potion of curing (36 gold, have 7).
   452 | D:1      | 452 ||| SHOPLISTING ring of see invisible (180 gold, have
                  | 7).
   452 | D:1      | 452 ||| DROPPING +0 club.
   801 | D:1      | Reached skill level 3 in Axes
   931 | D:1      | 931 ||| UPGRADING to ring of positive energy.
   932 | D:1      | 932 ||| READING scroll labelled URUATRURUR.
   952 | D:2      | Reached XP level 3. HP: 23/23 MP: 3/3
  1119 | D:2      | Reached skill level 1 in Throwing
  1119 | D:2      | 1119 ||| Stepping ~*~*~tactically~*~*~ (stealth).
  1314 | D:2      | Reached XP level 4. HP: 28/28 MP: 4/4
  1643 | D:2      | 1643 ||| UPGRADING to ring of willpower.
  1644 | D:2      | 1644 ||| READING scroll labelled TUYXONNACW.
  1645 | D:2      | 1645 ||| READING scroll labelled NODYRCH BEGECA.
  1649 | D:2      | 1649 ||| READING scroll labelled ITARYEPLUS.
  1687 | D:3      | 1687 ||| Stepping ~*~*~tactically~*~*~ (stealth).
  1688 | D:3      | 1688 ||| Stepping ~*~*~tactically~*~*~ (stealth).
  1689 | D:3      | 1689 ||| Stepping ~*~*~tactically~*~*~ (stealth).
  1696 | D:3      | Reached skill level 4 in Axes
  1776 | D:3      | Reached XP level 5. HP: 32/32 MP: 5/5
  1876 | D:3      | 1876 ||| Stepping ~*~*~tactically~*~*~ (stealth).
  1988 | D:3      | You fall into a shaft and drop 2 floors!
  1988 | D:5      | Entered Level 5 of the Dungeon
  2067 | D:5      | 2067 ||| READING scroll labelled XEHARINTEI.
  2068 | D:5      | 2068 ||| READING scroll labelled BARPHE KOSAADE.
  2099 | D:4      | 2099 ||| Stepping ~*~*~tactically~*~*~ (stealth).
  2102 | D:4      | 2102 ||| Stepping ~*~*~tactically~*~*~ (stealth).
  2105 | D:4      | 2105 ||| Stepping ~*~*~tactically~*~*~ (hiding).
  2113 | D:4      | Reached skill level 5 in Axes
  2131 | D:4      | 2131 ||| Stepping ~*~*~tactically~*~*~ (stealth).
  2143 | D:4      | 2143 ||| Stepping ~*~*~tactically~*~*~ (stealth).
  2157 | D:4      | Reached XP level 6. HP: 33/38 MP: 6/6
  2184 | D:4      | 2184 ||| Stepping ~*~*~tactically~*~*~ (stealth).
  2187 | D:4      | 2187 ||| Stepping ~*~*~tactically~*~*~ (stealth).
  2203 | D:4      | 2203 ||| STAIRDANCE
  2410 | D:3      | Found a faded altar of an unknown god.
  2712 | D:3      | 2712 ||| UPGRADING to +0 chain mail.
  2722 | D:3      | 2722 ||| DROPPING +0 scale mail.
  2723 | D:3      | 2723 ||| READING scroll labelled VAAHER EGOSTRIA.
  2724 | D:3      | 2724 ||| READING scroll labelled XYARIU HOIJAACW.
  2760 | D:3      | 2760 ||| READING scroll labelled ZAOCUJ PEED.
  2807 | D:4      | 2807 ||| Stepping ~*~*~tactically~*~*~ (stealth).
  2809 | D:4      | 2809 ||| Stepping ~*~*~tactically~*~*~ (stealth).
  2891 | D:4      | Found a bloodstained altar of Trog.
  2892 | D:4      | Found a blossoming altar of Fedhas.
  2893 | D:4      | Found a hide-covered altar of Uskayaw.
  2893 | D:4      | Found a basalt altar of Yredelemnul.
  2906 | D:4      | Noticed Edmund
  2932 | D:4      | HP: 9/38 [Edmund/+2 heavy flail (13)]
  2933 | D:4      | Slain by Edmund

Levels and vault maps discovered:
D:1:      zelgadis_glass_arrival_small, layout_basic, serial_shops,
          nicolae_shop_waterfront
D:2:      layout_basic
D:3:      layout_loops_corners, ebering_ecumenical_altar_box
D:4:      layout_cave_pools, grunt_temple_overflow_lords_of_destruction,
          mainiacjoe_overflow_alcove_3, hangedman_abyss_or_decor_stabs,
          uniq_menkaure, uniq_eustachio, uniq_edmund
D:5:      layout_layer_cave, minmay_temple_entry_drinking_statues,
          hangedman_abyss_or_decor_passed

Skill      XL: |  1  2  3  4  5 |
---------------+----------------+-----
Axes           | 2 3 4 5 |  5.8
Throwing       | 1 |  1.0
Fighting       | 4 |  4.1
Armour         | |  3.2
Dodging        | |  0.4
Shields        | |  3.2

Action                     |  1- 3 |  4- 6 || total
---------------------------+-------+-------++-------
  Melee: War axe           |    74 |   105 ||   179
  Throw: Javelin           |    18 |    40 ||    58
    Use: Scroll            |     1 |     8 ||     9
 Armour: Scale mail        |    34 |    39 ||    73
         Chain mail        |       |    11 ||    11
  Dodge: Dodged            |    37 |    37 ||    74
  Block: Buckler           |    12 |    21 ||    33

Table legend:
 A = Non-vault XP
 B = Vault XP
 C = Vault XP percentage of total XP
 D = Non-vault monster count
 E = Vault monster count
 F = Vault count percentage of total count
                 A         B        C        D         E       F
            +---------+---------+-------+---------+---------+-------
      Total |     552 |       0 |   0.0 |      84 |       0 |   0.0
            +---------+---------+-------+---------+---------+-------
        D:1 |      32 |       0 |   0.0 |      23 |       0 |   0.0
        D:2 |      82 |       0 |   0.0 |      21 |       0 |   0.0
        D:3 |     137 |       0 |   0.0 |      24 |       0 |   0.0
        D:4 |     301 |       0 |   0.0 |      16 |       0 |   0.0
            +---------+---------+-------+---------+---------+-------
